 Dungeon Crawl Stone Soup version 0.26-a0-537-g96b2eae49b (webtiles) character file.

Game seed: 8151031710833346855

26595 Murumi the Blocker (level 13, -5/105 HPs)
             Began as a Formicid Fighter on Aug 6, 2020.
             Was a High Priest of Okawaru.
             Slain by a thrashing horror (12 damage)
             ... on level 2 of the Abyss on Aug 14, 2020.
             The game lasted 01:17:41 (18650 turns).

Murumi the Blocker (Formicid Fighter)              Turns: 18650, Time: 01:17:42

Health: -5/105     AC: 29    Str: 23      XL:     13   Next: 59%
Magic:  0/18       EV:  9    Int:  7 (8)  God:    Okawaru [*****.]
Gold:   943        SH: 14    Dex: 13      Spells: 12/12 levels left

rFire    + . .     SeeInvis +   a - +1 morningstar (protect)
rCold    + . .     Faith    .   c - +1 kite shield
rNeg     . . .     Spirit   +   d - +2 plate armour {rF+}
rPois    +         Reflect  .   (helmet unavailable)
rElec    .         Harm     .   b - +1 cloak
rCorr    .                      s - +0 pair of gloves
MR       +....                  D - +1 pair of boots {rampage}
Stlth    ..........             F - amulet of guardian spirit
HPRegen  0.00/turn              o - ring of protection from cold
MPRegen  0.16/turn              B - ring of poison resistance

@: protection aura, non-regenerating, diseased
A: permanent stasis, dig shafts and tunnels, four strong arms, antennae 3
a: Dig, Shaft Self, Heroism, Finesse, Renounce Religion


You were on level 2 of the Abyss.
You worshipped Okawaru.
Okawaru was extremely pleased with you.
You visited 4 branches of the dungeon, and saw 16 of its levels.
You visited the Abyss 1 time.
You also visited: Ossuary and Volcano.

You collected 1073 gold pieces.
You spent 130 gold pieces at shops.

Inventory:

Hand Weapons
 a - a +1 morningstar of protection (weapon)
 f - a +0 arbalest
Missiles
 l - 170 bolts
Armour
 b - a +1 cloak (worn)
 c - a +1 kite shield (worn)
 d - a +2 plate armour of fire resistance (worn)
 p - a +2 tower shield
 s - a +0 pair of gloves (worn)
 D - a +1 pair of boots of rampaging (worn)
Jewellery
 i - an uncursed ring of resist corrosion
 o - a ring of protection from cold (left hand)
 x - an uncursed ring of flight
 B - a ring of poison resistance (right hand)
 F - an amulet of guardian spirit (around neck)
Wands
 m - a wand of disintegration (10)
 n - a wand of flame (12)
 w - a wand of iceblast (4)
 z - a wand of polymorph (7)
 C - a wand of enslavement (20)
Scrolls
 j - a scroll of enchant weapon
 r - 6 scrolls of remove curse
 u - 3 scrolls of fog
 y - 2 scrolls of amnesia
 A - a scroll of fear
 G - a scroll of identify
Potions
 e - a potion of flight
 g - 4 potions of brilliance
 h - 5 potions of might
 k - a potion of cancellation
 t - 2 potions of mutation
 v - a potion of ambrosia
 E - 2 potions of resistance
Miscellaneous
 q - a condenser vane (2/2)
 H - a phial of floods


   Skills:
 + Level 10.8 Fighting
 - Level 9.0 Maces & Flails
 - Level 9.0 Crossbows
 - Level 10.0 Armour
 - Level 4.0 Dodging
 - Level 12.0 Shields
 - Level 7.0 Invocations
 - Level 6.0 Evocations


You had 12 spell levels left.
You didn't know any spells.
Your spell library contained the following spells:

 Spells                   Type           Power        Failure   Level
 Sandblast                Erth           #.....       99%         1
 Shock                    Conj/Air       #...         99%         1
 Sting                    Tmut/Pois      #...         99%         1
 Passwall                 Tmut/Erth      #.......     100%        2
 Poisonous Vapours        Pois/Air       #.....       100%        2
 Ignite Poison            Fire/Tmut/Pois #.......     100%        3
 Mephitic Cloud           Conj/Pois/Air  #.......     100%        3
 Static Discharge         Conj/Air       #.......     100%        3
 Stone Arrow              Conj/Erth      #.....       100%        3
 Airstrike                Air            #.........   100%        4
 Olgreb's Toxic Radiance  Pois           #.......     100%        4
 Petrify                  Tmut/Erth      #.......     100%        4
 Lee's Rapid Deconstruct  Erth           #.........   100%        5
 Lightning Bolt           Conj/Air       #.........   100%        5
 Swiftness                Air            Unusable     N/A         2

Dungeon Overview and Level Annotations

Branches:
Dungeon (10/15)            Temple (1/1) D:4            Lair (3/6) D:9
 Shoals (0/4) Lair:2       Spider (0/4) Lair:3          Orc (1/2) D:10
Ossuary (visited)         Volcano (visited)

Altars:
Ashenzari
Cheibriados
Dithmenos
Elyvilon
Fedhas
Gozag
Hepliaklqana
Kikubaaqudgha
Makhleb
Nemelex Xobeh
Okawaru
Qazlal
Ru
Sif Muna
Trog
Uskayaw
Vehumet
Wu Jian
Xom
Yredelemnul
Zin
The Shining One
Beogh

Shops:
D:8 (   D:10 (


Innate Abilities, Weirdness & Mutations

You cannot be hasted, slowed, berserked, paralysed or teleported.
You can dig through walls and to a lower floor.
Your four strong arms can wield two-handed weapons with a shield.
You have a pair of large antennae on your head. (SInv)


Message History

You hit the thrashing horror but do no damage.
The thrashing horror is heavily damaged.
You block the thrashing horror's attack.
The thrashing horror tramples you but does no damage.
The thrashing horror roars!
You block the thrashing horror's attack.
The thrashing horror tramples you but does no damage.
You puncture the thrashing horror!
The thrashing horror is severely damaged.
The thrashing horror churns violently!
The thrashing horror seems to grow stronger.
You block the thrashing horror's attack.
The thrashing horror tramples you but does no damage. x2
The thrashing horror tramples you!
* * * LOW HITPOINT WARNING * * *
You stumble backwards!
You hit the thrashing horror.
The thrashing horror is severely damaged.
The thrashing horror tramples you!
You die...

... . (.## .#
#. .... ###.#
#.# (.#.
....#
#.##(####....
#..#.#.#..##
#...#(....#
#.#...#.#
#..@X.#
#.#.[##
.##(.##
ยง###.# #.. .
# { #


You could see a thrashing horror (strong).

Vanquished Creatures
  The ghost of Murumi the Blocker, a journeyman FoFi of Okawaru (Lair:2)
  Snorg (D:10)
  A hydra (Lair:3)
  A two-headed ogre (D:8)
  A death yak (Lair:2)
  An orc high priest (Orc:2)
  A thrashing horror (Abyss:2)
  A hell knight (Volcano)
  A salamander mystic (Volcano)
  A sixfirhy (Abyss:2)
  An oklob plant (Lair:1)
  An orc sorcerer (Orc:2)
  6 salamanders (Volcano)
  A merfolk siren (Lair:2)
  5 elephants (Lair:3)
  2 moths of wrath (Lair:2)
  A gargoyle (D:8)
  The ghost of Wulf the Chopper, a novice HOFi of Beogh (D:4)
  5 cane toads
  2 komodo dragons
  An ancient zyme (Abyss:2)
  2 trolls
  A large abomination (Abyss:2)
  A dream sheep (Lair:2)
  3 hippogriffs
  A meliai zombie (D:10)
  2 basilisks (Lair:2)
  Eustachio (D:6)
  7 yaks
  A small abomination (Abyss:2)
  2 water moccasins (Lair:3)
  2 hell hounds (Lair:2)
  2 ice beasts
  11 orc warriors
  A porcupine (Lair:1)
  3 sky beasts
  A phantom (D:9)
  3 black bears
  A necrophage (D:9)
  10 wolves
  8 ogres
  4 centaurs
  2 crocodiles
  5 big kobolds
  8 bullfrogs
  A gnoll sergeant (D:3)
  13 scorpions
  4 killer bees (D:9)
  7 wights
  4 electric eels
  2 bullfrog zombies
  7 hounds
  3 centaur zombies
  2 human zombies (Ossuary)
  A centaur skeleton (D:4)
  3 jellies
  13 orc wizards
  13 orc priests
  A bullfrog skeleton (D:9)
  2 iguanas
  11 worker ants
  2 big kobold zombies (Ossuary)
  2 hound skeletons (D:4)
  3 mummies (Ossuary)
  A worker ant zombie (D:5)
  3 gnolls (D:3)
  A howler monkey skeleton (D:10)
  13 adders
  3 scorpion zombies (Ossuary)
  2 shadow imps
  4 white imps
  2 ufetubi
  3 oozes (D:1)
  An adder zombie (D:8)
  An adder skeleton (D:9)
  2 worms (D:2)
  4 dart slugs
  7 leopard geckos
  46 orcs
  A ball python (D:2)
  10 giant cockroaches
  A gnoll zombie (Ossuary)
  7 goblins
  5 hobgoblins
  26 jackals
  21 kobolds
  6 quokkas
  7 bats
  2 frilled lizards
  A giant cockroach zombie (D:4)
  4 goblin zombies (Ossuary)
  4 hobgoblin zombies (Ossuary)
  A jackal skeleton (D:6)
  A kobold zombie (Ossuary)
  An orc zombie (Ossuary)
  3 quokka skeletons
  7 rats
413 creatures vanquished.

Vanquished Creatures (others)
  A fungus (D:9)
1 creature vanquished.

Grand Total: 414 creatures vanquished

Notes
Turn   | Place    | Note
-------+----------+-------------------------------------------
     0 | D:1      | Murumi the Formicid Fighter began the quest for the Orb.
     0 | D:1      | Reached XP level 1. HP: 18/18 MP: 1/1
     1 | D:1      | Found a runed translucent door.
    11 | D:1      | Reached skill level 1 in Dodging
    18 | D:1      | Reached skill level 4 in Shields
    18 | D:1      | Reached XP level 2. HP: 17/24 MP: 2/2
    27 | D:1      | Reached XP level 3. HP: 22/29 MP: 3/3
   462 | D:1      | Reached XP level 4. HP: 33/37 MP: 4/4
   633 | D:1      | You fall into a shaft and drop 1 floor!
  1504 | D:2      | Reached XP level 5. HP: 31/42 MP: 5/5
  1799 | D:2      | Reached skill level 5 in Shields
  2007 | D:2      | Found a shimmering blue altar of Sif Muna.
  2495 | D:3      | Reached XP level 6. HP: 48/49 MP: 6/6
  3006 | D:4      | Found a runed translucent gate.
  3104 | D:4      | Reached skill level 5 in Fighting
  3332 | D:4      | Reached XP level 7. HP: 56/56 MP: 7/7
  3490 | D:4      | Found a staircase to the Ecumenical Temple.
  3499 | Temple   | Entered the Ecumenical Temple
  3654 | Temple   | Became a worshipper of Warmaster Okawaru
  3812 | D:4      | Found a runed translucent gate.
  3812 | D:4      | Found a runed translucent gate.
  3817 | D:4      | Noticed Wulf's ghost (novice HOFi)
  4006 | D:4      | Reached skill level 5 in Armour
  4122 | D:4      | Reached skill level 1 in Invocations
  4520 | D:4      | HP: 2/56 [Wulf's ghost (1)]
  4521 | D:4      | Killed Wulf's ghost
  4521 | D:4      | Reached * piety under Okawaru
  4521 | D:4      | Reached skill level 6 in Shields
  4521 | D:4      | Reached XP level 8. HP: 1/62 MP: 8/10
  4851 | D:5      | Entered Level 5 of the Dungeon
  4987 | D:5      | Reached skill level 7 in Shields
  5262 | D:5      | Noticed a troll
  5277 | D:5      | Killed a troll
  5277 | D:5      | Reached ** piety under Okawaru
  5277 | D:5      | Reached skill level 5 in Maces & Flails
  5277 | D:5      | Reached XP level 9. HP: 10/69 MP: 9/11
  5314 | D:5      | HP: 1/69 [shadow imp/nerve-wracking pain (11)]
  5359 | D:5      | HP: 1/69 [orc priest/divine providence (10)]
  5384 | D:5      | Found a white marble altar of Elyvilon.
  5495 | D:5      | Found a sand-covered staircase.
  5500 | Ossuary  | Entered an ossuary
  6575 | D:6      | Noticed Eustachio
  6590 | D:6      | Killed Eustachio
  6590 | D:6      | Reached skill level 8 in Shields
  7035 | D:6      | Found a bloodstained altar of Trog.
  7039 | D:6      | Found an opulent altar of Gozag.
  7322 | D:7      | Found a hazy altar of Hepliaklqana.
  7338 | D:7      | Reached *** piety under Okawaru
  7489 | D:7      | Reached XP level 10. HP: 79/79 MP: 13/13
  7923 | D:7      | Reached skill level 9 in Shields
  8689 | D:8      | Noticed a two-headed ogre
  8697 | D:8      | Killed a two-headed ogre
  8697 | D:8      | Reached **** piety under Okawaru
  8700 | D:8      | Reached skill level 5 in Invocations
  9077 | D:8      | Found an iron altar of Okawaru.
  9193 | D:8      | Noticed a gargoyle
  9221 | D:8      | Killed a gargoyle
  9221 | D:8      | Reached ***** piety under Okawaru
  9355 | D:8      | Found Bobbuwnis's Antique Weapon Shop.
  9359 | D:8      | Reached XP level 11. HP: 89/89 MP: 14/14
  9365 | D:8      | Bought an arbalest for 130 gold pieces
 10253 | D:9      | Reached skill level 10 in Shields
 10586 | D:9      | Found a hide-covered altar of Uskayaw.
 10787 | D:9      | Received a gift from Okawaru
 10892 | D:9      | Found a staircase to the Lair.
 10909 | D:9      | Reached skill level 1 in Crossbows
 11074 | D:10     | Entered Level 10 of the Dungeon
 11122 | Lair:1   | Entered Level 1 of the Lair of Beasts
 11149 | Lair:1   | Noticed an oklob plant
 12393 | Lair:1   | Killed an oklob plant
 12393 | Lair:1   | Reached skill level 5 in Crossbows
 12551 | Lair:2   | Found a transporter.
 12554 | Lair:2   | Noticed Murumi's ghost (journeyman FoFi)
 12606 | Lair:2   | Noticed a moth of wrath
 12807 | Lair:2   | Found a dark tunnel.
 12828 | Volcano  | Entered a volcano
 13084 | Volcano  | Noticed a salamander mystic
 13086 | Volcano  | Found a radiant altar of Vehumet.
 13086 | Volcano  | Noticed a hell knight
 13099 | Volcano  | Killed a salamander mystic
 13102 | Volcano  | Noticed a salamander
 13110 | Volcano  | Killed a salamander
 13260 | Volcano  | Noticed a salamander
 13269 | Volcano  | Killed a hell knight
 13269 | Volcano  | Reached XP level 12. HP: 88/95 MP: 13/15
 13493 | Volcano  | Received a gift from Okawaru
 13493 | Volcano  | Reached skill level 5 in Evocations
 13812 | Lair:2   | Upgraded the game from 0.26-a0-497-g0187308201 to
                  | 0.26-a0-519-gb2f46efeda
 13905 | Lair:2   | Found a transporter.
 13906 | Lair:2   | Noticed a death yak
 13916 | Lair:2   | Found a staircase to the Shoals.
 14867 | Lair:2   | Killed a death yak
 14877 | Lair:2   | Received a gift from Okawaru
 15421 | Lair:2   | Killed Murumi's ghost
 15421 | Lair:2   | Received a gift from Okawaru
 15653 | Lair:3   | Received a gift from Okawaru
 15785 | Lair:3   | Noticed a seven-headed hydra
 15795 | Lair:3   | Killed a seven-headed hydra
 15795 | Lair:3   | Reached skill level 10 in Fighting
 15857 | Lair:3   | Found a hole to the Spider Nest.
 15909 | Lair:3   | Reached skill level 10 in Armour
 15925 | Lair:3   | Reached XP level 13. HP: 63/103 MP: 13/17
 16386 | Lair:3   | Reached skill level 11 in Shields
 16934 | Lair:3   | Upgraded the game from 0.26-a0-519-gb2f46efeda to
                  | 0.26-a0-537-g96b2eae49b
 17287 | D:10     | Found a staircase to the Orcish Mines.
 17472 | D:10     | Found a roughly hewn altar of Beogh.
 17569 | D:10     | Found Moguon's Weapon Shop.
 17642 | D:10     | Noticed Snorg
 17682 | D:10     | Killed Snorg
 17927 | D:10     | Received a gift from Okawaru
 18225 | Orc:1    | Entered Level 1 of the Orcish Mines
 18411 | Orc:1    | You fall into a shaft and drop 1 floor!
 18411 | Orc:2    | Entered Level 2 of the Orcish Mines
 18427 | Orc:2    | Reached skill level 12 in Shields
 18440 | Orc:2    | Cast into level 2 of the Abyss (orc knight)
 18626 | Abyss:2  | Received a gift from Okawaru
 18650 | Abyss:2  | Slain by a thrashing horror

Illustrated notes

Levels and vault maps discovered:
D:1:      dpeg_arrival_caged_fury, layout_loops_corners,
          chequers_serial_rivers_micro_c
D:2:      layout_basic, lemuel_blue_sif_altar
D:3:      layout_rooms
D:4:      layout_loops_corners, minmay_temple_entry_tees,
          gammafunk_ghost_necromancy, dk_vineyard_2
D:5:      layout_cave_pools, kennysheep_mini, nicolae_ossuary_entry_ruins
D:6:      layout_loops_ring, gammafunk_temple_overflow_pools, uniq_eustachio
D:7:      layout_loops_corners, kennysheep_little_box,
          chequers_serial_rivers_room_a
D:8:      layout_basic, basic_altar, serial_shops, nicolae_shop_behind_doors,
          kennysheep_small_spiral
D:9:      layout_roguey, eat_drink_and_be_merry_uskayaw,
          grunt_lair_entry_orc_guard_hut, serial_rivers,
          chequers_serial_rivers_room_b, chequers_serial_rivers_micro_c,
          chequers_serial_rivers_micro_a, chequers_serial_rivers_marsh,
          solitary_fountain, hangedman_decor_growths
D:10:     layout_stronghold, minmay_orc_entry_temple_small, serial_shops, shop,
          uniq_snorg
Temple:   regret_index_temple_sphere_string
Lair:1:   layout_regular_city, minmay_lair_oklob_items
Lair:2:   layout_gridlike, minmay_shoals_entry_lonely_mermaid,
          gammafunk_ghost_berserking_beasts, enter_volcano_3,
          serial_bayou_lagoon_b, infiniplex_staircase_pool_2
Lair:3:   layout_loops_ring, dummy_spider_entry
Orc:1:    layout_caves, ebering_ghost_rock_garden
Orc:2:    pf_orc_diabolical, layout_diamond_mine
Abyss:2:  base:
D:3

Skill      XL: |  1  2  3  4  5  6  7  8  9 10 11 12 13 |
---------------+----------------------------------------+-----
Dodging        | 1 2 3 4 |  4.0
Shields        | 4 5 6 7 8 9 10 12 | 12.0
Maces & Flails | 3 4 5 7 8 9 |  9.0
Fighting       | 4 5 6 7 9 10 | 10.8
Armour         | 4 5 6 8 9 10 | 10.0
Evocations     | 2 3 4 5 6 |  6.0
Invocations    | 3 4 5 6 7 |  7.0
Crossbows      | 7 9 |  9.0

Action                   |  1- 3 |  4- 6 |  7- 9 | 10-12 | 13-15 || total
-------------------------+-------+-------+-------+-------+-------++-------
Melee: Flail             |    82 |   220 |   495 |       |       ||   797
       Morningstar       |       |       |       |   770 |   312 ||  1082
       Dire flail        |       |       |       |    44 |       ||    44
 Fire: Arbalest          |       |       |       |    33 |    62 ||    95
Invok: Heroism           |       |       |     5 |    15 |     1 ||    21
       Finesse           |       |       |       |     3 |     1 ||     4
 Abil: Dig               |       |     1 |     3 |    11 |     2 ||    17
       Evoke Flight      |       |       |     1 |     3 |       ||     4
  Use: Scroll            |     1 |     9 |     8 |    10 |     1 ||    29
       Potion            |       |       |     5 |     1 |     1 ||     7
Armor: Scale mail        |    42 |    64 |       |       |       ||   106
       Chain mail        |       |       |   138 |   138 |       ||   276
       Skin              |       |       |    11 |       |       ||    11
       Plate armour      |       |       |       |   174 |   200 ||   374
Dodge: Dodged            |    37 |    62 |   101 |   199 |   109 ||   508
Block: Kite shield       |    50 |    83 |   248 |   453 |   293 ||  1127

Table legend: (Time is in decaauts)
 A = Elapsed time spent in this place.
 B = Non-inter-level travel time spent in this place.
 C = Inter-level travel time spent in this place.
 D = Time resting spent in this place.
 E = Time spent auto-exploring this place.
 F = Levels seen in this place.
 G = Mean time per level.
                   A        B        C        D        E       F      G
               +--------+--------+--------+--------+--------+-----+--------+
         Total |  18888 |  17494 |   1394 |    785 |  12289 |  19 |  994.1 |
       Dungeon |  11785 |  10789 |    996 |    366 |   7589 |  10 | 1178.5 |
        Temple |    165 |    137 |     28 |      0 |    136 |   1 |  165.0 |
          Lair |   4824 |   4454 |    370 |    100 |   3472 |   3 | 1608.0 |
  Orcish Mines |     84 |     84 |      0 |      0 |     11 |   2 |   42.0 |
         Abyss |    212 |    212 |      0 |    137 |      0 |   1 |  212.0 |
       Ossuary |    836 |    836 |      0 |    182 |    318 |   1 |  836.0 |
       Volcano |    979 |    979 |      0 |      0 |    762 |   1 |  979.0 |
               +--------+--------+--------+--------+--------+-----+--------+

Top non-repeatable levels by time:
  Lair:2: 2159 daAuts
     D:4: 1448 daAuts
     D:8: 1423 daAuts
     D:9: 1406 daAuts
  Lair:3: 1348 daAuts
    D:10: 1323 daAuts
  Lair:1: 1316 daAuts
     D:3: 1251 daAuts
     D:1: 1246 daAuts
     D:7: 1242 daAuts
 Volcano: 979 daAuts
     D:2: 979 daAuts
 Ossuary: 836 daAuts
     D:5: 792 daAuts
     D:6: 671 daAuts
